Map: Neon Violet Square LE

Players

Dark - Winner!

  • Race: Zerg Zerg
  • Spawn Location: 5:00

Maru

  • Race: Terran Terran
  • Spawn Location: 11:00

Event: WESG 2017 Haikou

VOD

Have the link to the VOD?

Description

Time

  • Played on: March 17, 2018, 10:28 p.m.
  • Length: 15:42

All games in this series

Show
View Real Time Build Order
Export as new Build Order

Dark Zerg - Winner!

Build Orders: Hatch First, Muta Ling Bane 

Get SALT Encoding   

  12  0:02  Drone  
  13  0:13  Overlord  
  13  0:18  Drone  
  14  0:33  Drone x2  
  14  0:35  Drone  
  17  0:54  Hatchery  
  17  0:56  Drone  
  17  0:59  Drone  
  18  1:10  Extractor  
  17  1:15  Spawning Pool  
  17  1:17  Drone  
  17  1:20  Drone  
  18  1:29  Drone  
  19  1:44  Drone  
  20  1:52  Overlord  
  20  2:06  Queen x2  
  20  2:07  Zergling x4  
  26  2:10  Metabolic Boost  
  26  2:15  Drone  
  27  2:19  Drone  
  28  2:25  Drone  
  29  2:30  Extractor  
  29  2:31  Drone  
  29  2:36  Drone  
  30  2:41  Drone, Queen  
  33  2:45  Overlord  
  34  2:53  Drone  
  34  2:56  Drone  
  35  2:59  Drone  
  36  3:09  Overlord  
  36  3:15  Drone x4  
  36  3:16  Drone x3  
  43  3:27  Hatchery  
  43  3:29  Queen  
  43  3:31  Zergling x2  
  43  3:32  Zergling x2  
  43  3:33  Drone  
  47  3:37  Drone  
  48  3:44  Drone  
  49  3:51  Drone x3  
  49  3:52  Overlord  
  52  4:02  Overlord  
  52  4:07  Baneling Nest  
  52  4:08  Extractor x2, Overlord  
  49  4:10  Lair  
  49  4:11  Drone  
  49  4:12  Drone x2  
  52  4:19  Overlord  
  52  4:20  Queen  
  52  4:22  Drone x3  
  57  4:25  Drone  
  57  4:27  Spore Crawler  
  57  4:29  Drone x2  
  57  4:31  Drone  
  60  4:32  Drone  
  60  4:34  Drone  
  62  4:43  Drone x2  
  62  4:44  Drone  
  65  4:51  Drone x2  
  65  4:52  Drone  
  68  4:55  Drone x3  
  68  4:59  Drone  
  72  5:01  Drone  
  72  5:02  Drone x2  
  72  5:06  Evolution Chamber  
  74  5:07  Zergling x4  
  74  5:10  Evolution Chamber  
  74  5:11  Drone x3  
  74  5:12  Drone  
  79  5:14  Centrifical Hooks  
  79  5:22  Hatchery  
  79  5:25  Drone x2  
  79  5:26  Drone  
  81  5:29  Extractor  
  81  5:30  Extractor  
  81  5:35  Overseer  
  79  5:42  Zerg Melee Weapons Level 1, Zerg Ground Armor Level 1  
  78  5:46  Drone x6  
  78  5:47  Overlord  
  78  5:48  Extractor  
  81  5:50  Overlord  
  81  5:54  Drone  
  81  5:55  Overlord  
  82  6:00  Overlord  
  82  6:02  Overlord  
  82  6:07  Drone x3  
  82  6:08  Drone  
  82  6:09  Drone  
  87  6:14  Hatchery  
  87  6:15  Drone x4  
  87  6:16  Drone x2  
  87  6:17  Drone  
  87  6:18  Drone x2  
  92  6:19  Drone  
  92  6:23  Spire  
  92  6:26  Baneling x6  
  92  6:27  Zergling x2  
  92  6:28  Zergling x2  
  92  6:31  Zergling x2  
  94  6:38  Zergling x2  
  94  6:39  Zergling x10  
  100  6:43  Baneling x4  
  100  6:46  Zergling x4  
  100  6:47  Zergling x6  
  105  6:52  Drone x2  
  105  6:53  Extractor  
  106  7:07  Overlord, Baneling x3  
  106  7:09  Hatchery  
  105  7:17  Zergling x24  
  116  7:38  Mutalisk x12  
  116  7:41  Zerg Flyer Armor Level 1  
  140  7:47  Zerg Melee Weapons Level 2  
  140  7:48  Drone  
  140  7:49  Overlord x5  
  141  7:56  Baneling  
  141  7:57  Baneling  
  141  8:04  Baneling x4  
  141  8:05  Baneling x3  
  141  8:08  Zergling x2  
  141  8:09  Zergling x20  
  152  8:16  Zergling x2, Baneling x7  
  152  8:17  Zergling x20  
  152  8:19  Hatchery  
  163  8:21  Zergling x6  
  163  8:24  Baneling  
  163  8:25  Zergling x4  
  167  8:28  Zergling x4  
  169  8:37  Drone, Infestation Pit  
  169  8:41  Baneling x6  
  169  8:50  Zergling x4  
  169  8:51  Zergling x10  
  169  8:54  Zergling x8  
  180  9:04  Overlord x2  
  180  9:05  Zergling x2  
  181  9:10  Baneling  
  180  9:18  Hive  
  180  9:21  Drone x2, Hatchery  
  180  9:22  Overlord x3  
  180  9:23  Drone x4  
  180  9:24  Drone  
  186  9:25  Zergling x4  
  186  9:26  Zergling x16  
  186  9:31  Zergling x6  
  199  9:39  Zerg Flyer Armor Level 2  
  199  9:43  Baneling x2  
  199  9:44  Baneling x9  
  199  9:45  Zergling x18  
  199  9:49  Drone  
  193  9:54  Zergling x12  
  193  9:55  Zergling x4  
  199  10:04  Baneling x4  
  199  10:05  Baneling x3  
  199  10:06  Zergling x2  
  200  10:08  Zerg Ground Armor Level 2, Baneling x2  
  166  10:22  Corruptor  
  166  10:23  Corruptor x3  
  166  10:24  Zergling x2  
  166  10:25  Zergling x2  
  166  10:27  Zergling x8  
  165  10:30  Zergling x22  
  165  10:31  Zergling x2  
  165  10:33  Zergling x2  
  165  10:34  Zergling x2  
  178  10:36  Zergling x4  
  178  10:38  Zergling x4  
  174  10:51  Spawning Pool  
  174  10:52  Ultralisk Cavern  
  170  10:59  Drone x3  
  170  11:02  Hatchery  
  165  11:20  Zerg Melee Weapons Level 3  
  164  11:26  Corruptor x2  
  167  11:35  Baneling x4  
  167  11:39  Chitinous Plating, Adrenal Glands  
  167  11:41  Ultralisk x4  
  167  11:45  Drone x3  
  194  11:47  Extractor  
  193  11:54  Zergling x2  
  193  11:55  Zergling x12  
  199  12:07  Spore Crawler  
  198  12:09  Zerg Flyer Weapons Level 1  
  194  12:25  Zerg Ground Armor Level 3  
  194  12:27  Zergling x16  
  199  12:31  Baneling x8  
  199  12:32  Baneling x6  
  198  12:43  Drone  
  199  12:45  Baneling x3  
  199  12:50  Baneling x4  
  199  12:58  Baneling x4  
  198  12:59  Baneling x2  
  198  13:01  Zergling x2  
  191  13:09  Zergling x2  
  191  13:10  Zergling x18  
  145  13:15  Zergling x2  
  145  13:16  Zergling x32  
  145  13:19  Queen x2  
  155  13:21  Zergling x18  
  155  13:22  Zergling x2  
  155  13:23  Baneling x12  
  155  13:24  Zergling x4, Baneling x2  
  155  13:25  Zergling x4  
  155  13:26  Zergling x2  
  170  13:27  Baneling  
  170  13:28  Baneling  
  170  13:30  Drone x2  
  170  13:31  Drone x2  
  170  13:33  Baneling x4  
  174  13:34  Zergling x4  
  174  13:37  Baneling x3  
  174  13:39  Ultralisk  
  182  13:42  Zergling x6  
  182  13:43  Zergling x2  
  186  13:49  Drone  
  186  13:50  Zergling x8  
  186  13:51  Zergling x2  
  186  13:52  Zergling x2  
  186  13:54  Baneling  
  186  13:55  Corruptor x3  
  184  14:16  Zergling x2  
  158  14:17  Zergling x38  
  158  14:18  Zergling x8  
  158  14:21  Corruptor  
  175  14:25  Corruptor x4  
  175  14:28  Pneumatized Carapace  
  175  14:29  Overseer  
  175  14:30  Corruptor  
  175  14:31  Overseer  
  181  14:32  Zergling x10  
  181  14:36  Zergling x8  
  181  14:37  Zergling x4  
  192  14:38  Hatchery  
  192  14:40  Zergling x2  
  192  14:41  Zergling x2  
  192  14:42  Baneling  
  192  14:43  Baneling x10  
  192  14:44  Zergling x2  
  192  14:45  Baneling  
  194  14:46  Zergling x4  
  194  14:50  Baneling x4  
  194  14:52  Zergling x4  
  198  14:53  Zergling x4  
  199  15:00  Zergling x2  
  199  15:01  Zergling x2  
  199  15:03  Baneling x3  
  157  15:15  Zergling x26  
  157  15:16  Zergling x12  
  157  15:21  Zergling x6  
Show
View Real Time Build Order
Export as new Build Order

Maru Terran 

Build Orders: Gas First Reaper Expand, Reaper Expand, Bio Mine, Banshee Rush 

Get SALT Encoding   

  12  0:00  SCV  
  13  0:12  SCV  
  14  0:17  Supply Depot  
  14  0:24  SCV  
  15  0:35  Refinery  
  15  0:39  SCV  
  16  0:44  Barracks  
  16  0:51  SCV  
  17  1:03  SCV  
  18  1:15  SCV  
  19  1:31  Orbital Command, Reaper  
  20  1:42  Command Center  
  20  1:54  Factory  
  20  1:57  SCV  
  21  2:05  Supply Depot  
  21  2:09  SCV  
  21  2:13  Refinery  
  21  2:14  Barracks Reactor  
  22  2:21  SCV  
  23  2:33  SCV  
  24  2:44  Starport  
  24  2:45  SCV  
  25  2:57  SCV  
  25  2:58  Hellion x2, Orbital Command  
  30  3:01  Barracks Tech Lab  
  30  3:10  SCV  
  32  3:24  SCV x2  
  37  3:27  Barracks Tech Lab  
  37  3:28  Viking  
  39  3:36  SCV  
  39  3:38  Supply Depot, SCV  
  39  3:40  Cloaking Field  
  37  3:49  Marine  
  37  3:50  Stimpack  
  37  3:53  SCV x2  
  39  3:57  Command Center  
  39  4:01  Banshee  
  42  4:05  SCV  
  42  4:09  Marine  
  44  4:10  Factory Reactor  
  44  4:11  SCV  
  44  4:17  Supply Depot, SCV  
  46  4:25  SCV  
  46  4:27  Marine  
  46  4:29  Barracks x2  
  46  4:31  SCV  
  49  4:38  SCV  
  50  4:40  Supply Depot  
  50  4:43  SCV  
  50  4:44  Banshee  
  54  4:50  SCV  
  54  4:52  Engineering Bay  
  55  4:54  Engineering Bay  
  55  4:55  SCV  
  56  5:02  SCV  
  56  5:03  Refinery  
  56  5:04  Factory Reactor, Marine  
  58  5:07  SCV  
  58  5:09  Orbital Command  
  58  5:12  Supply Depot  
  59  5:14  SCV  
  59  5:18  Marine x2  
  59  5:19  Terran Infantry Weapons Level 1  
  59  5:20  Terran Infantry Armor Level 1  
  62  5:28  Marine x3  
  65  5:29  SCV  
  65  5:35  SCV x2  
  68  5:36  Marine  
  69  5:44  Orbital Command  
  69  5:47  Marine x4  
  73  5:50  SCV  
  73  5:53  Supply Depot  
  73  5:54  Supply Depot, Marine  
  75  5:57  Medivac x2  
  75  5:59  Siege Tank  
  75  6:01  SCV  
  75  6:02  Refinery  
  75  6:03  SCV  
  84  6:05  Marine x2  
  84  6:07  Marine  
  87  6:16  SCV  
  87  6:17  Supply Depot, Marine x2  
  90  6:20  SCV x2  
  92  6:26  Marine x2  
  92  6:28  SCV, Combat Shields  
  92  6:31  Armory  
  92  6:32  SCV x2  
  97  6:37  Marine x2  
  97  6:39  Siege Tank  
  102  6:40  SCV  
  102  6:44  SCV x2  
  102  6:46  Marine x3  
  107  6:47  Medivac  
  110  6:55  Marine x2  
  110  7:00  Supply Depot  
  112  7:04  Marine x2  
  112  7:05  Barracks x2  
  114  7:10  Supply Depot  
  117  7:15  Siege Tank  
  117  7:20  Supply Depot  
  117  7:21  SCV, Marine x3  
  121  7:26  Marine  
  121  7:27  Marine  
  119  7:30  Medivac  
  119  7:31  Medivac  
  123  7:37  Terran Infantry Weapons Level 2  
  123  7:39  SCV x3, Marine x2  
  123  7:41  Marine  
  123  7:42  Supply Depot, Refinery  
  129  7:44  Marine x2  
  129  7:49  Supply Depot, Terran Infantry Armor Level 2  
  131  7:57  Marine x2  
  135  7:58  Marine  
  135  7:59  SCV  
  135  8:00  Barracks Reactor  
  135  8:01  SCV  
  135  8:02  SCV, Supply Depot, Marine x2  
  135  8:04  Supply Depot  
  139  8:10  Barracks Reactor  
  139  8:12  SCV  
  140  8:13  Supply Depot  
  140  8:14  SCV x2, Refinery, Marine x2  
  140  8:16  Marine  
  145  8:20  Marine x2  
  145  8:24  SCV  
  145  8:25  Command Center, Medivac  
  145  8:26  SCV  
  151  8:28  Missile Turret  
  151  8:30  Missile Turret  
  151  8:31  SCV  
  151  8:32  Marine x2  
  147  8:38  Thor  
  147  8:39  Missile Turret  
  147  8:41  Factory  
  152  8:47  SCV  
  152  8:48  SCV, Marine x2  
  152  8:49  Marine x3  
  156  9:00  Medivac x2  
  156  9:01  Terran Vehicle Weapons Level 1  
  156  9:02  Marine  
  155  9:18  Marine x7  
  155  9:22  SCV  
  155  9:23  SCV x2, Command Center  
  165  9:29  Missile Turret  
  165  9:30  Factory Reactor  
  165  9:32  Supply Depot  
  165  9:33  Supply Depot x2  
  165  9:35  SCV  
  166  9:40  Marine x2  
  167  9:54  Marauder, Marine x4  
  167  9:58  SCV  
  167  9:59  Missile Turret  
  174  10:04  Thor  
  180  10:07  Terran Infantry Weapons Level 3  
  179  10:14  Marine x2  
  179  10:16  Marauder  
  179  10:21  Terran Infantry Armor Level 3  
  154  10:24  Liberator x2  
  154  10:25  Marine x2  
  154  10:27  Marine x3  
  154  10:28  Marine  
  140  10:29  Widow Mine  
  136  10:37  Marauder  
  136  10:51  Siege Tank  
  136  10:52  Widow Mine x2, Planetary Fortress  
  136  10:56  Barracks  
  140  10:58  Marine, Barracks  
  140  10:59  Marauder, Marine x3, Barracks  
  140  11:03  Drilling Claws  
  146  11:15  Widow Mine  
  146  11:16  Widow Mine  
  143  11:18  Marine x3  
  143  11:19  Marine x5  
  143  11:20  Marauder  
  143  11:23  Siege Tank  
  154  11:25  Sensor Tower  
  154  11:27  Sensor Tower  
  154  11:37  Widow Mine  
  154  11:39  Marine x2  
  158  11:40  Marine x3  
  158  11:41  Marauder  
  158  11:46  Barracks Tech Lab x3  
  163  11:48  Unknown x3, Medivac x2  
  163  11:53  Terran Vehicle And Ship Armor Level 1  
  167  12:00  Marine x6  
  173  12:02  Widow Mine  
  173  12:03  Widow Mine, Marauder, Command Center  
  179  12:14  Ghost Academy  
  179  12:20  Concussive Shells  
  179  12:22  Marauder  
  182  12:23  Marauder x2  
  182  12:24  Marauder  
  181  12:34  Marine  
  181  12:35  Command Center  
  182  12:42  Command Center  
  182  12:43  Starport  
  182  12:44  Marauder x3  
  188  12:45  Starport, Marauder  
  188  12:46  Personal Cloaking  
  190  12:58  Marine  
  190  12:59  Liberator x2  
  191  13:11  Widow Mine  
  191  13:12  Liberator x2  
  157  13:16  Widow Mine x2  
  157  13:18  Ghost x4  
  165  13:20  Unknown  
  165  13:23  Supply Depot  
  165  13:24  Supply Depot  
  171  13:39  SCV  
  172  13:45  SCV x2, Widow Mine  
  176  13:51  SCV, Supply Depot  
  176  13:52  Supply Depot  
  177  13:58  Orbital Command  
  177  14:04  Marine x2  
  177  14:05  Marauder x2  
  177  14:06  Widow Mine x2  
  162  14:13  Marine  
  116  14:17  Marine x2  
  116  14:24  Marine  
  113  14:28  Ghost  
  113  14:29  Ghost x3  
  111  14:32  SCV  
  111  14:37  Starport Tech Lab x2  
  112  14:45  Missile Turret  
  112  14:47  Missile Turret  
  112  14:50  SCV x4  
  116  14:58  Marauder x2  
  120  15:14  Marauder x2, Marine x2  
  98  15:18  Marine  
  98  15:19  Marauder, Marine  
  98  15:20  Marauder  
Tags
 
Add a new tag
Caveats
  • Supply blocks, unpowered buildings, or Contaminate may cause inaccurate times.
  • Supply counts are checked every 10 seconds.